Map: Abiogenesis LE

Players

Neo - Winner!

  • Race: Zerg Zerg
  • Spawn Location: 5:00

A.I. 1 (Elite)

  • Race: Zerg Zerg
  • Spawn Location: 11:00

VOD

Have the link to the VOD?

Description

Time

  • Played on: Jan. 5, 2025, 1:43 p.m.
  • Length: 12:22
Show
View Real Time Build Order
Export as new Build Order

Neo Zerg - Winner!

Build Orders: Hatch First, Roach Hydra 

Get SALT Encoding   

  12  0:01  Drone  
  13  0:13  Overlord  
  13  0:20  Drone  
  14  0:35  Drone x2  
  16  0:51  Hatchery  
  16  0:55  Drone  
  16  0:56  Drone  
  17  0:59  Drone  
  18  1:10  Extractor  
  17  1:16  Spawning Pool  
  16  1:20  Drone  
  16  1:23  Drone  
  18  1:29  Drone  
  19  1:39  Overlord  
  19  2:03  Queen x2  
  19  2:05  Zergling x4  
  19  2:07  Zergling x2  
  26  2:15  Metabolic Boost  
  26  2:36  Roach Warren  
  25  2:49  Drone x3  
  28  2:52  Extractor  
  28  2:53  Drone  
  28  2:54  Drone x2  
  30  3:02  Zergling x4  
  32  3:17  Roach  
  34  3:22  Overlord  
  34  3:24  Roach  
  34  3:38  Roach  
  31  3:54  Roach x2  
  31  3:55  Roach x3  
  41  3:58  Queen  
  43  4:09  Drone  
  44  4:10  Overlord  
  44  4:11  Overlord  
  34  5:10  Drone x5  
  34  5:11  Drone x7  
  44  5:42  Hatchery  
  39  6:15  Queen  
  41  6:24  Extractor  
  40  6:25  Drone  
  40  6:26  Extractor, Drone x2  
  40  6:27  Drone x3  
  40  6:28  Drone x3  
  40  6:31  Drone  
  40  6:32  Drone  
  50  6:33  Drone  
  50  6:34  Drone x5  
  50  6:37  Overlord  
  56  6:43  Lair  
  56  6:56  Evolution Chamber  
  56  6:57  Evolution Chamber  
  54  7:25  Extractor, Drone x2  
  54  7:26  Extractor, Drone  
  54  7:27  Drone x3  
  54  7:28  Drone  
  54  7:29  Drone x10  
  69  7:38  Zerg Missile Weapons Level 1  
  69  7:39  Zerg Ground Armor Level 1  
  69  7:40  Spine Crawler  
  68  7:44  Hydralisk Den  
  68  7:45  Glial Reconstitution  
  68  7:47  Roach x2  
  68  7:48  Roach  
  73  7:58  Drone  
  73  8:04  Overlord x3  
  74  8:26  Hydralisk x10  
  74  8:27  Hydralisk x2  
  76  8:32  Overlord x3  
  98  8:44  Muscular Augments  
  98  8:53  Roach x7  
  98  8:54  Roach  
  114  8:57  Hatchery  
  113  9:14  Hydralisk  
  113  9:15  Hydralisk x3  
  121  9:18  Overlord x5  
  121  9:24  Extractor  
  121  9:27  Queen  
  121  9:28  Extractor  
  121  9:34  Zerg Ground Armor Level 2, Zerg Missile Weapons Level 2  
  121  9:39  Hydralisk  
  121  9:40  Hydralisk x4  
  131  9:48  Grooved Spines  
  131  9:56  Overlord x2  
  131  9:57  Overlord x2  
  131  10:00  Roach x8  
  141  10:44  Roach x14  
  159  11:29  Drone x6  
  159  11:30  Drone x6  
  159  11:31  Drone x2  
  171  11:33  Drone x3  
  171  11:34  Drone  
Show
View Real Time Build Order
Export as new Build Order

A.I. 1 (Elite) Zerg 

Build Orders: Pool First, Zergling Baneling 

Get SALT Encoding   

  12  0:00  Drone  
  13  0:08  Drone  
  14  0:17  Overlord  
  14  0:35  Spawning Pool  
  14  0:36  Extractor  
  14  0:40  Drone  
  13  0:44  Drone  
  13  0:48  Drone  
  15  1:22  Zergling x6, Queen  
  20  1:46  Hatchery  
  19  1:49  Drone  
  20  1:55  Zergling x2  
  20  2:00  Zergling x2  
  22  2:10  Overlord  
  22  2:20  Baneling Nest  
  22  2:22  Drone  
  22  2:28  Zergling x2  
  23  2:32  Zergling x2  
  24  2:37  Zergling x2  
  24  2:42  Zergling x2  
  26  3:11  Overlord  
  26  3:16  Zergling x2  
  27  3:22  Zergling x2  
  27  3:27  Zergling x2  
  27  3:31  Zergling x2  
  29  3:36  Zergling x2  
  29  3:40  Zergling x2  
  29  3:45  Zergling x2  
  29  3:50  Zergling x2  
  29  3:55  Zergling x2  
  31  4:00  Zergling x2  
  32  4:06  Baneling x2  
  32  4:07  Baneling x7  
  32  4:08  Baneling  
  33  4:10  Zergling x2  
  33  4:14  Zergling x2  
  34  4:19  Drone  
  35  4:34  Roach Warren  
  34  4:44  Drone  
  29  4:48  Drone  
  29  4:52  Drone  
  27  4:56  Drone  
  26  5:05  Lair  
  21  5:16  Roach  
  20  5:34  Drone  
  16  5:41  Drone  
  17  5:47  Drone  
  18  5:54  Drone  
  17  5:59  Drone  
  18  6:06  Zergling x2  
  19  6:12  Zergling x2  
  19  6:15  Hydralisk Den  
  19  6:17  Drone  
  20  6:23  Roach  
  22  6:29  Roach  
  22  6:31  Roach, Drone  
  27  6:36  Drone  
  28  6:40  Drone  
  28  6:46  Roach  
  31  6:52  Hydralisk  
  33  7:00  Hydralisk  
  35  7:06  Hydralisk  
  37  7:13  Hydralisk  
  39  7:20  Overlord  
  39  7:24  Drone  
  39  7:26  Drone  
  41  7:30  Drone  
  41  7:34  Drone  
  43  7:38  Drone  
  43  7:40  Drone  
  43  7:44  Drone  
  46  7:49  Overlord  
  46  7:51  Drone  
  46  7:54  Drone  
  46  7:57  Drone  
  49  7:59  Drone  
  49  8:02  Drone  
  51  8:07  Drone  
  51  8:11  Drone  
  53  8:17  Drone  
  53  8:18  Infestation Pit  
  53  8:23  Overlord  
  53  8:25  Drone  
  54  8:28  Drone  
  54  8:29  Drone  
  54  8:31  Drone  
  57  8:41  Drone  
  57  8:42  Roach, Extractor  
  57  8:43  Extractor  
  57  8:45  Drone  
  59  8:49  Overlord  
  59  8:50  Roach, Drone x2  
  63  8:57  Drone  
  63  8:58  Overseer  
  63  9:00  Drone  
  65  9:07  Extractor  
  65  9:08  Drone  
  65  9:11  Evolution Chamber, Drone  
  65  9:18  Evolution Chamber, Hatchery, Drone  
  65  9:20  Infestor  
  65  9:21  Drone  
  65  9:22  Drone  
  68  9:26  Overlord  
  68  9:30  Drone  
  69  9:32  Drone  
  69  9:37  Zerg Missile Weapons Level 1  
  70  9:41  Drone  
  70  9:43  Drone  
  72  9:48  Zerg Ground Armor Level 1  
  72  9:49  Ravager  
  72  9:52  Drone  
  74  9:53  Drone, Infestor  
  74  9:54  Roach  
  74  9:55  Overlord  
  79  10:00  Ravager  
  79  10:03  Drone  
  79  10:04  Drone  
  82  10:14  Overlord  
  82  10:15  Drone  
  83  10:24  Infestor, Hydralisk  
  83  10:25  Roach, Spine Crawler  
  83  10:26  Roach x2  
  91  10:30  Zergling x2  
  65  10:37  Extractor, Zergling x2, Roach  
  69  10:47  Drone, Hydralisk  
  68  10:56  Drone  
  68  10:57  Drone, Zergling x2  
  62  10:58  Drone  
  62  10:59  Hydralisk  
  63  11:09  Hydralisk  
  60  11:20  Hydralisk  
  44  11:29  Drone x2, Zergling x2  
  36  11:37  Zergling x2  
  34  11:44  Roach  
Tags
 
Add a new tag
Caveats
  • Supply blocks, unpowered buildings, or Contaminate may cause inaccurate times.
  • Supply counts are checked every 10 seconds.